 Dungeon Crawl Stone Soup version 0.24-a0-462-ge24419a6ad (webtiles) character file.

Game seed: 7605244872442363666

622 DasRunzen the Skirmisher (level 7, -1/61 HPs)
             Began as a Minotaur Fighter on July 1, 2019.
             Slain by an ogre
             ... wielding a cursed -2 giant club
              (9 damage)
             ... on level 4 of the Dungeon.
             The game lasted 00:05:48 (2767 turns).

DasRunzen the Skirmisher (Minotaur Fighter)         Turns: 2767, Time: 00:05:48

Health: -1/61      AC:  9    Str: 22    XL:     7   Next: 22%
Magic:  6/6        EV:  9    Int:  5    God:
Gold:   135        SH: 10    Dex: 10    Spells: 6/6 levels left

rFire    . . .     SeeInvis .   a - +1 war axe
rCold    . . .     Gourm    .   c - +0 shield
rNeg     . . .     Faith    .   b - +0 scale mail
rPois    .         Spirit   .   (helmet restricted)
rElec    .         Reflect  .   h - scarf {cloud immunity}
rCorr    .         Harm     .   i - +0 pair of gloves
MR       .....                  n - +0 pair of boots
Stlth    ..........             (no amulet)
HPRegen  0.20/turn              (no ring)
MPRegen  0.10/turn              (no ring)

@: no status effects
A: retaliatory headbutt, horns 2
a: no special abilities


You were on level 4 of the Dungeon.
You were not hungry.

You visited 1 branch of the dungeon, and saw 4 of its levels.

You collected 135 gold pieces.

Inventory:

Hand Weapons
 a - a +1 war axe (weapon)
Armour
 b - a +0 scale mail (worn)
 c - a +0 shield (worn)
 h - a scarf of cloud immunity (worn)
 i - a +0 pair of gloves (worn)
 n - a +0 pair of boots (worn)
Scrolls
 e - a scroll of fog
 k - 3 scrolls of amnesia
 m - a scroll of remove curse
Potions
 d - 2 potions of might
 g - 2 potions of curing
 j - a potion of ambrosia {unknown}
 l - 2 potions of degeneration {unknown}
 o - a potion of mutation {unknown}
 p - a potion of brilliance {unknown}
 r - a potion of heal wounds {unknown}
 u - a potion of lignification {unknown}
Comestibles
 f - 7 rations


   Skills:
 + Level 5.5 Fighting
 + Level 4.8 Axes
 + Level 5.4 Armour
 + Level 3.5 Dodging
 + Level 5.4 Shields


You had 6 spell levels left.
You didn't know any spells.
Your spell library was empty.

Dungeon Overview and Level Annotations

Branches:
Dungeon (4/15)
 Temple: D:4-7

Altars:
Dithmenos

Shops:
D:4 [


Innate Abilities, Weirdness & Mutations

You reflexively headbutt those who attack you in melee.
You have a pair of horns on your head.


Message History

The ogre barely misses you.
Your shield and scale mail prevent you from hitting the ogre.
The ogre is moderately wounded.
The ogre closely misses you.
You closely miss the ogre.
You headbutt the ogre, but do no damage.
The ogre is moderately wounded.
The ogre hits you with a cursed -2 giant club!
* * * LOW HITPOINT WARNING * * *
You are too injured to fight recklessly!
You are too injured to fight recklessly!
You hit the ogre but do no damage.
The ogre is moderately wounded.
The ogre barely misses you. You furiously retaliate!
You headbutt the ogre.
The ogre hits you with a cursed -2 giant club!
* * * LOW HITPOINT WARNING * * *
You slash the ogre!
The ogre is severely wounded.
The ogre hits you with a cursed -2 giant club!
You die...

#.# #.⌠.⌠##........ #####
#.###..∩.####'.....
#...#.⌠.⌠# '......#
#######'####.# #......#
#........###)# ......#
#........<...#### ...#
#........####...# ....#
#...(....####...####....#
#........'..'...@O......#
#........####...##......#
# ##########
######.)....# # #....###
# #....# # #....# #
#....# # ###### # #


You could see an ogre.

Vanquished Creatures
  An ogre (D:4)
  2 hounds (D:4)
  Crazy Yiuf (D:4)
  4 orc priests
  2 orc wizards
  A bullfrog skeleton (D:4)
  A worker ant (D:4)
  A hound skeleton (D:4)
  3 gnolls (D:3)
  6 adders
  An ooze (D:1)
  5 worms
  2 dart slugs (D:1)
  3 leopard geckos
  11 orcs
  3 giant cockroaches
  10 goblins
  7 hobgoblins
  8 jackals
  4 quokkas
  2 ball pythons
  9 bats
  4 frilled lizards
  6 kobolds
  5 rats
102 creatures vanquished.

Notes
Turn   | Place    | Note
-------+----------+-------------------------------------------
     0 | D:1      | DasRunzen the Minotaur Fighter began the quest for the Orb.
     0 | D:1      | Reached XP level 1. HP: 19/19 MP: 0/0
   141 | D:1      | Reached XP level 2. HP: 27/27 MP: 1/1
   374 | D:1      | Reached skill level 1 in Dodging
   610 | D:1      | Reached XP level 3. HP: 33/33 MP: 2/2
   962 | D:2      | Reached XP level 4. HP: 40/40 MP: 3/3
  1032 | D:2      | Found a shadowy altar of Dithmenos.
  1359 | D:2      | You fall into a shaft and drop 1 floor!
  1682 | D:3      | Reached XP level 5. HP: 46/47 MP: 4/4
  2305 | D:4      | Reached XP level 6. HP: 55/55 MP: 5/5
  2331 | D:4      | Reached skill level 5 in Fighting
  2357 | D:4      | Found a runed translucent door.
  2358 | D:4      | Noticed Crazy Yiuf
  2441 | D:4      | Killed Crazy Yiuf
  2441 | D:4      | Reached skill level 5 in Armour
  2441 | D:4      | Reached skill level 5 in Shields
  2693 | D:4      | Found Poor's Antique Armour Shoppe.
  2719 | D:4      | Reached XP level 7. HP: 45/61 MP: 6/6
  2767 | D:4      | Slain by an ogre

Levels and vault maps discovered:
D:1:      dpeg_arrival_chase, layout_basic
D:2:      layout_basic, nicolae_dithmenos_through_a_glass_darkly, first_ration
D:3:      layout_basic, chequers_serial_rivers_room_b
D:4:      layout_basic, serial_shops, shop_fountains, kennysheep_cross_room,
          uniq_crazy_yiuf_cottage

Skill      XL: |  1  2  3  4  5  6 |
---------------+-------------------+-----
Dodging        | 1 2 3 |  3.5
Fighting       | 4 5 |  5.5
Armour         | 4 5 |  5.4
Axes           | 3 4 |  4.8
Shields        | 4 5 |  5.4

Action                   |  1- 3 |  4- 6 |  7- 9 || total
-------------------------+-------+-------+-------++-------
Melee: War axe           |    82 |   161 |     9 ||   252
       Headbutt          |     9 |    23 |     2 ||    34
  Use: Scroll            |     2 |     6 |       ||     8
       Potion            |       |     1 |       ||     1
  Eat: Chunk             |       |     6 |       ||     6
Armor: Scale mail        |    57 |    61 |     1 ||   119
Dodge: Dodged            |    32 |    48 |     8 ||    88
Block: Shield            |    49 |   101 |     3 ||   153

Table legend:
 A = Non-vault XP
 B = Vault XP
 C = Vault XP percentage of total XP
 D = Non-vault monster count
 E = Vault monster count
 F = Vault count percentage of total count
                 A         B        C        D         E       F
            +---------+---------+-------+---------+---------+-------
      Total |     847 |      42 |   4.7 |     101 |       1 |   1.0
            +---------+---------+-------+---------+---------+-------
        D:1 |      42 |       0 |   0.0 |      22 |       0 |   0.0
        D:2 |      85 |       0 |   0.0 |      24 |       0 |   0.0
        D:3 |     219 |       0 |   0.0 |      39 |       0 |   0.0
        D:4 |     501 |      42 |   7.7 |      16 |       1 |   5.9
            +---------+---------+-------+---------+---------+-------
